 Dungeon Crawl Stone Soup version 0.29.1-1-gd02db6906a (webtiles) character file.

Game seed: 3291459664768315587

566 Ashen the Chiller (level 7, 52/52 HPs)
             Began as a Demonspawn Ice Elementalist on Oct 18, 2022.
             Got out of the dungeon alive.
             The game lasted 00:11:27 (4125 turns).

Ashen the Chiller (Demonspawn Ice Elementalist)     Turns: 4125, Time: 00:11:27

Health: 52/52      AC:  5    Str:  9    XL:     7   Next: 10%
Magic:  12/12      EV: 13    Int: 18    God:
Gold:   147        SH:  0    Dex: 13    Spells: 6/13 levels left

rFire   . . .      SeeInvis .   u - +0 short sword (venom)
rCold   . . .      Faith    .   (no shield)
rNeg    . . .      Spirit   .   a - +0 robe
rPois   .          Reflect  .   (no helmet)
rElec   .          Harm     .   (no cloak)
rCorr   .          Rampage  .   s - +0 pair of gloves
Will    .....                   (no boots)
Stlth   ++........              o - amulet of magic regeneration
HPRegen 0.17/turn               (no ring)
MPRegen 0.66/turn               (no ring)

@: no status effects
A: molten scales 1, demonic guardian 1, magic regeneration, weakness stinger 1
a: no special abilities


You escaped.
You visited 1 branch of the dungeon, and saw 3 of its levels.
You also visited: Sewer.

You collected 147 gold pieces.

Inventory:

Hand Weapons
 u - a +0 short sword of venom (weapon)
Armour
 a - a +0 robe (worn)
 s - a +0 pair of gloves (worn)
Jewellery
 o - an amulet of magic regeneration (around neck)
Scrolls
 c - a scroll of teleportation {unknown}
 f - 4 scrolls of identify {unknown}
 h - a scroll of enchant armour {unknown}
 i - a scroll of immolation {unknown}
 k - a scroll of brand weapon {unknown}
 l - 2 scrolls of blinking {unknown}
 n - 2 scrolls of butterflies {unknown}
 t - 2 scrolls of fear {unknown}
Potions
 b - 2 potions of magic
 d - 2 potions of curing {unknown}
 e - a potion of brilliance {unknown}
 g - 2 potions of flight {unknown}
 j - 3 potions of resistance {unknown}
 m - 3 potions of attraction {unknown}
 p - 2 potions of mutation {unknown}
 q - a potion of experience {unknown}
 r - a potion of cancellation {unknown}
 v - a potion of heal wounds {unknown}


   Skills:
 + Level 3.0 Fighting
 + Level 3.5 Dodging
 + Level 3.7 Stealth
 + Level 3.5 Spellcasting
 + Level 4.8 Ice Magic


You had 6 spell levels left.
You knew the following spells:

 Your Spells              Type           Power      Damage    Failure   Level
a - Freeze                Ice            80%        1d9       2%          1
b - Frozen Ramparts       Ice            40%        1d7       6%          3
c - Ozocubu's Armour      Ice            20%        N/A       6%          3

Your spell library contained the following spells:

 Spells                   Type           Power      Damage    Failure   Level
 Hailstorm                Conj/Ice       11%        3d5       50%         4


Dungeon Overview and Level Annotations

Branches:
Dungeon (3/15)              Sewer (visited)

Altars:

Annotations:
D:2 Natasha


Innate Abilities, Weirdness & Mutations

You are partially covered in molten scales. (AC +2)
A weak demonic guardian rushes to your aid.
You regenerate magic rapidly.
You have a small tail.


Message History

Press: ? - help, Shift-Dir - straight line, f/p - kobold brigand
Aim: a kobold brigand, wielding a +0 club and quivering curare-tipped darts (almost dead)
You freeze the kobold brigand.
The kobold brigand is almost dead.
The wall freezes the kobold brigand.
You kill the kobold brigand!
You hear a splash. x2
Your Fighting skill increases to level 3!
You have reached level 7!
Your icy armour cracks and falls away as you move.
The frozen ramparts melt away as you move.
Things that are here:
a +0 club; a curare-tipped dart; a kobold corpse Done exploring.
You enter the shallow water.
Moving in this stuff is going to be slow.
There is an empty arch of ancient stone here.
There is a gate leading back out of this place here.
Welcome back to the Dungeon!
There is a collapsed entrance here.
There is a large open door here.
You enter the shallow water.
Moving in this stuff is going to be slow.
You open the door.
Found a stone staircase leading up.
There is an open door here.
There is a stone staircase leading up here.
You climb upwards.
Level annotation: Natasha
There is a stone staircase leading down here.
(D) Dungeon
Where to? (Enter - D:3 @ (x,y), ? - help)
What level of the Dungeon? (default 1, ? - help)
There is a stone staircase leading up here.
You climb upwards.
There is a stone staircase leading down here.
You see here a +0 club.
There is a staircase leading out of the dungeon here.
Are you sure you want to leave the Dungeon?
This will make you lose the game!
You have escaped!

######.....#.......## #........
.....#..............# #........
####.#.##...#######.# #.....)..
##...#......#######.#############
.#.####.#.#.........##...........
.#......#.#.##########...........
.###....#.#.#......# #...........
..##.#..#.#.#.####.# #...........
..(..##...#.#.#.@#.# #...........
.....##.#.#.#.)..#.# #...........
.....#.)..#.######.# #...........
.....######........###...........
.......##...######..##...........
....##.#_...######..####.########
..............K.....# #)#
....##.##...........####.#
.......############.##...#


There were no monsters in sight!

Vanquished Creatures
  5 kobold brigands (Sewer)
  Natasha (D:2)
  3 gnolls (D:2)
  5 adders
  A river rat (Sewer)
  5 worms
  A dart slug (D:1)
  8 ball pythons
  2 bats (D:1)
  5 endoplasms
  3 giant cockroaches
  4 goblins (D:1)
  7 hobgoblins
  10 jackals
  9 kobolds
  6 quokkas
  3 frilled lizards
  27 rats
105 creatures vanquished.

Vanquished Creatures (others)
  5 plants (D:3)
5 creatures vanquished.

Grand Total: 110 creatures vanquished

Notes
Turn   | Place    | Note
-------+----------+-------------------------------------------
     0 | D:1      | Ashen the Demonspawn Ice Elementalist began the quest for
                  | the Orb.
     0 | D:1      | Reached XP level 1. HP: 13/13 MP: 3/3
    18 | D:1      | Found a faded altar of an unknown god.
   414 | D:1      | Gained mutation: You have a small tail. [demonic ancestry]
   414 | D:1      | Reached XP level 2. HP: 15/20 MP: 3/5
   815 | D:1      | Reached skill level 1 in Fighting
   963 | D:1      | Gained mutation: You are partially covered in molten
                  | scales. (AC +2) [demonic ancestry]
   963 | D:1      | Reached XP level 3. HP: 24/26 MP: 2/6
  1315 | D:2      | Noticed Natasha
  1321 | D:2      | Killed Natasha
  1338 | D:2      | Noticed Natasha
  1375 | D:2      | Reached XP level 4. HP: 32/32 MP: 1/7
  1491 | D:2      | Reached skill level 4 in Ice Magic
  1974 | D:2      | HP: 1/32 [gnoll/+0 spear (4)]
  2492 | D:2      | Learned a level 3 spell: Frozen Ramparts
  2754 | D:2      | Gained mutation: A weak demonic guardian rushes to your
                  | aid. [demonic ancestry]
  2754 | D:2      | Reached XP level 5. HP: 37/38 MP: 7/9
  3057 | D:2      | Learned a level 3 spell: Ozocubu's Armour
  3086 | D:3      | Found a glowing drain.
  3090 | Sewer    | Entered a sewer
  3657 | Sewer    | Gained mutation: You regenerate magic rapidly. [demonic
                  | ancestry]
  3657 | Sewer    | Reached XP level 6. HP: 43/46 MP: 4/10
  4025 | Sewer    | Reached XP level 7. HP: 51/52 MP: 4/12
  4125 | D:$      | Got out of the dungeon alive.

Illustrated notes

Levels and vault maps discovered:
D:1:      zelgadis_glass_arrival_small, layout_basic, basic_ecumenical_altar,
          dk_noncrumbling_3
D:2:      layout_basic, dk_vineyard_2, minmay_rat_hole, uniq_natasha
D:3:      layout_loops_ring, serial_bayou, serial_bayou_shore_a,
          serial_bayou_pond_d, serial_bayou_lagoon_a, serial_bayou_pond_c,
          serial_bayou_ford_a, serial_bayou_pond_d, serial_shops, shop,
          nicolae_shop_bloodbath_and_beyond, gup_sewer_entry_bowl

Skill      XL: |  1  2  3  4  5  6 |
---------------+-------------------+-----
Stealth        | 2 3 |  3.7
Dodging        | 2 3 |  3.5
Fighting       | 1 2 3 |  3.0
Ice Magic      | 4 |  4.8
Spellcasting   | 3 |  3.5

Action                   |  1- 3 |  4- 6 |  7- 9 || total
-------------------------+-------+-------+-------++-------
Melee: Unarmed           |    24 |    46 |       ||    70
       Tailslap          |     1 |     3 |       ||     4
       Short sword       |       |     7 |       ||     7
 Cast: Freeze            |    44 |    86 |       ||   130
       Frozen Ramparts   |       |    15 |       ||    15
       Ozocubu's Armour  |       |     1 |       ||     1
 Stab: Sleeping          |     1 |     1 |       ||     2
Armor: Robe              |    15 |    35 |       ||    50
Dodge: Dodged            |    39 |    79 |       ||   118
